 Dungeon Crawl Stone Soup version 0.31-a0-654-gbe3e110b4e (webtiles) character file.

Game seed: 16239944125848270877

314 cforsyth the Charlatan (level 6, 0/47 HPs)
             Began as a Gnoll Artificer on Aug 30, 2023.
             Slain by an ogre
             ... wielding a +0 giant club
              (21 damage)
             ... on level 3 of the Dungeon.
             The game lasted 00:03:57 (2727 turns).

cforsyth the Charlatan (Gnoll Artificer)            Turns: 2727, Time: 00:03:57

Health: 0/47       AC:  4    Str: 11    XL:     6   Next: 43%
Magic:  9/9        EV: 12    Int: 12    God:
Gold:   146        SH:  0    Dex: 13    Spells: 9/9 levels left

rFire   . . .        j - +0 dagger (elec)
rCold   . . .        (no shield)
rNeg    . . .        b - +0 leather armour
rPois   .            l - +0 helmet
rElec   .            (no cloak)
rCorr   .            (no gloves)
SInv    +            (no boots)
Will    .....        (no amulet)
Stlth   ++           h - ring of see invisible
HPRegen 0.27/turn    (no ring)
MPRegen 0.11/turn

%: no passive effects
@: no status effects
A: fangs 1, strong nose, distributed training
a: no special abilities


You were on level 3 of the Dungeon.
You visited 1 branch of the dungeon, and saw 4 of its levels.

You collected 146 gold pieces.

Inventory:

Hand Weapons
 a - a +0 club
 j - a +0 dagger of electrocution (weapon)
Armour
 b - a +0 leather armour (worn)
 l - a +0 helmet (worn)
Jewellery
 h - a ring of see invisible (left hand)
Wands
 c - a wand of flame (10) (quivered)
 d - a wand of charming (15)
 e - a wand of iceblast (2)
 p - a wand of polymorph (4)
Scrolls
 f - 2 scrolls of enchant weapon {unknown}
 g - 2 scrolls of blinking {unknown}
 i - a scroll of silence {unknown}
 k - 2 scrolls of identify {unknown}
 n - a scroll of fog {unknown}
 o - 2 scrolls of vulnerability {unknown}
 q - 2 scrolls of revelation {unknown}
 u - a scroll of immolation {unknown}
 w - a scroll of poison {unknown}
Potions
 m - a potion of enlightenment {unknown}
 r - a potion of heal wounds {unknown}
 s - a potion of degeneration {unknown}
 t - a potion of cancellation {unknown}
 v - 2 potions of mutation {unknown}


   Skills:
 + Level 3.2 Fighting
 + Level 2.0 Short Blades
 + Level 2.0 Long Blades
 + Level 2.0 Axes
 + Level 2.0 Maces & Flails
 + Level 2.0 Polearms
 + Level 2.0 Staves
 + Level 2.0 Ranged Weapons
 + Level 2.0 Throwing
 + Level 5.0 Armour
 + Level 3.2 Dodging
 + Level 3.1 Stealth
 + Level 2.0 Shields
 + Level 2.0 Unarmed Combat
 + Level 2.0 Spellcasting
 + Level 1.5 Conjurations
 + Level 1.5 Hexes
 + Level 1.5 Summonings
 + Level 1.5 Necromancy
 + Level 1.5 Translocations
 + Level 1.5 Transmutations
 + Level 1.5 Fire Magic
 + Level 1.5 Ice Magic
 + Level 1.5 Air Magic
 + Level 1.5 Earth Magic
 + Level 1.5 Poison Magic
 + Level 2.2 Invocations
 + Level 6.8 Evocations
 + Level 1.8 Shapeshifting


You had 9 spell levels left.
You didn't know any spells.
Your spell library contained the following spells:

 Spells                   Type           Power      Damage    Failure   Level
 Apportation              Tloc           10%        N/A       19%         1
 Necrotise                Necr           20%        1d5       19%         1
 Summon Small Mammal      Summ           20%        N/A       19%         1


Dungeon Overview and Level Annotations

Branches:
Dungeon (4/15)
 Temple: D:4-7

Altars:

Annotations:
D:4 Dowan, Grinder


Innate Abilities, Weirdness & Mutations

You have very sharp teeth.
Your uncanny sense of smell can sniff out nearby items.
Your experience applies equally to all skills.


Message History

Your Long Blades skill increases to level 2!
Your Axes skill increases to level 2!
Your Maces & Flails skill increases to level 2!
Your Polearms skill increases to level 2!
Your Staves skill increases to level 2!
Your Ranged Weapons skill increases to level 2!
Your Throwing skill increases to level 2!
Your Shields skill increases to level 2!
Your Unarmed Combat skill increases to level 2!
Your Spellcasting skill increases to level 2!
You see here a howler monkey corpse.
You start resting.
Magic restored.
You start resting.
HP restored.
You start waiting.
Done waiting.
There is a stone staircase leading down here.
You climb downwards.
Level annotation: Dowan, Grinder The ogre hits you with a +0 giant club!!
Ouch! That really hurt!
Dowan points at you and mumbles some strange words.
You resist with some effort.
There is a stone staircase leading up, spattered with blood here.
The ogre closely misses you.
You climb upwards.
There is a stone staircase leading down here.
Aiming: Throw Flame
Press: ? - help, Shift-Dir - straight line, f - ogre
Aim: an ogre, wielding a +0 giant club (88% to hit)
The puff of flame hits the ogre.
The ogre is lightly wounded.
Aiming: Throw Flame
Press: ? - help, Shift-Dir - straight line, f/p - ogre
Aim: an ogre, wielding a +0 giant club (lightly wounded, 88% to hit)
The puff of flame hits the ogre.
The ogre is moderately wounded.
The ogre hits you with a +0 giant club!!
You die...

........#####.##.# #.# ........#
#.##.# #.# ........### #.##.###.#
..........# #.##.#...#
..........# #.##...###
..........# #.##.### ..........#
#....########
..........#####O........#########
................@.÷.....'........
.........#######.÷......########.
######'#.###########..<........#.
.....................#.........#.
........########################.
........'........................
....†...#########################
........# ........#


You could see an ogre.

Vanquished Creatures
  Edmund (D:4)
  A howler monkey (D:3)
  Terence (D:2)
  5 adders
  An adder zombie (D:2)
  3 adder skeletons (D:2)
  2 dart slugs
  9 ball pythons
  A bat zombie (D:2)
  8 endoplasms
  2 giant cockroaches
  4 goblins
  6 hobgoblins
  4 quokkas
  A ball python zombie (D:2)
  6 bats
  3 frilled lizards
  A giant cockroach zombie (D:2)
  12 kobolds
  2 quokka skeletons (D:2)
  A quokka zombie (D:2)
  4 rats
78 creatures vanquished.

Notes
Turn   | Place    | Note
-------+----------+-------------------------------------------
     0 | D:1      | cforsyth the Gnoll Artificer began the quest for the Orb.
     0 | D:1      | Reached XP level 1. HP: 17/17 MP: 1/1
   179 | D:1      | Reached XP level 2. HP: 22/23 MP: 2/2
   463 | D:1      | Reached XP level 3. HP: 8/28 MP: 3/3
  1068 | D:2      | Reached skill level 1 in Invocations
  1107 | D:2      | Reached skill level 1 in Short Blades
  1107 | D:2      | Reached skill level 1 in Long Blades
  1107 | D:2      | Reached skill level 1 in Axes
  1107 | D:2      | Reached skill level 1 in Maces & Flails
  1107 | D:2      | Reached skill level 1 in Polearms
  1107 | D:2      | Reached skill level 1 in Staves
  1107 | D:2      | Reached skill level 1 in Ranged Weapons
  1107 | D:2      | Reached skill level 1 in Throwing
  1107 | D:2      | Reached skill level 1 in Shields
  1107 | D:2      | Reached skill level 1 in Unarmed Combat
  1107 | D:2      | Reached skill level 1 in Spellcasting
  1144 | D:2      | Noticed Terence
  1149 | D:2      | Killed Terence
  1150 | D:2      | Reached skill level 1 in Shapeshifting
  1150 | D:2      | Reached XP level 4. HP: 34/34 MP: 5/5
  1158 | D:2      | Reached skill level 1 in Conjurations
  1158 | D:2      | Reached skill level 1 in Hexes
  1158 | D:2      | Reached skill level 1 in Summonings
  1158 | D:2      | Reached skill level 1 in Necromancy
  1158 | D:2      | Reached skill level 1 in Translocations
  1158 | D:2      | Reached skill level 1 in Transmutations
  1158 | D:2      | Reached skill level 1 in Fire Magic
  1158 | D:2      | Reached skill level 1 in Ice Magic
  1158 | D:2      | Reached skill level 1 in Air Magic
  1158 | D:2      | Reached skill level 1 in Earth Magic
  1158 | D:2      | Reached skill level 1 in Poison Magic
  1845 | D:3      | Reached XP level 5. HP: 40/40 MP: 6/6
  2448 | D:4      | Noticed Edmund
  2449 | D:4      | Noticed Grinder
  2450 | D:4      | Paralysed by Grinder for 3 turns
  2452 | D:4      | Noticed an ogre
  2457 | D:4      | Killed Edmund
  2458 | D:4      | Reached skill level 5 in Armour
  2458 | D:4      | Reached XP level 6. HP: 12/47 MP: 8/8
  2460 | D:4      | Noticed Dowan
  2727 | D:3      | Slain by an ogre

Illustrated notes

Levels and vault maps discovered:
D:1:      doesnt_arrival_eight_statues, layout_basic
D:2:      layout_loops_cross, serial_undead, serial_undead_a, serial_undead_b,
          serial_undead_e, serial_undead_d, serial_undead_d, serial_undead_f,
          grunt_ministairs_15, uniq_terence
D:3:      layout_basic
D:4:      layout_rooms, minmay_temple_entry_junction, uniq_edmund, uniq_pikel,
          uniq_ijyb, uniq_grinder, uniq_duvessa

Skill      XL: |  1  2  3  4  5  6 |
---------------+-------------------+-----
Invocations    | 1 2 |  2.2
Short Blades   | 1 2 |  2.0
Long Blades    | 1 2 |  2.0
Axes           | 1 2 |  2.0
Maces & Flails | 1 2 |  2.0
Polearms       | 1 2 |  2.0
Staves         | 1 2 |  2.0
Ranged Weapons | 1 2 |  2.0
Throwing       | 1 2 |  2.0
Shields        | 1 2 |  2.0
Unarmed Combat | 1 2 |  2.0
Spellcasting   | 1 2 |  2.0
Shapeshifting  | 1 |  1.8
Conjurations   | 1 |  1.5
Hexes          | 1 |  1.5
Summonings     | 1 |  1.5
Necromancy     | 1 |  1.5
Translocations | 1 |  1.5
Transmutations | 1 |  1.5
Fire Magic     | 1 |  1.5
Ice Magic      | 1 |  1.5
Air Magic      | 1 |  1.5
Earth Magic    | 1 |  1.5
Poison Magic   | 1 |  1.5
Fighting       | 3 |  3.2
Dodging        | 3 |  3.2
Armour         | 5 |  5.0
Stealth        | 3 |  3.1
Evocations     | |  6.8

Action                     |  1- 3 |  4- 6 || total
---------------------------+-------+-------++-------
  Melee: Club              |    88 |       ||    88
         Bite              |     8 |    18 ||    26
         Punch             |     2 |     3 ||     5
         Dagger            |    58 |   117 ||   175
         Unarmed           |       |    11 ||    11
  Evoke: Wand              |       |     8 ||     8
   Stab: Sleeping          |     5 |     6 ||    11
 Armour: Leather armour    |    51 |    38 ||    89
  Dodge: Dodged            |    99 |    86 ||   185

Table legend: (Time is in decaauts)
 A = Elapsed time spent in this place.
 B = Non-inter-level travel time spent in this place.
 C = Inter-level travel time spent in this place.
 D = Time resting spent in this place.
 E = Time spent auto-exploring this place.
 F = Levels seen in this place.
 G = Mean time per level.
                   A        B        C        D        E       F      G
               +--------+--------+--------+--------+--------+-----+--------+
         Total |   2739 |   2654 |     85 |    243 |   1842 |   4 |  684.8 |
       Dungeon |   2739 |   2654 |     85 |    243 |   1842 |   4 |  684.8 |
               +--------+--------+--------+--------+--------+-----+--------+

Top non-repeatable levels by time:
     D:1: 992 daAuts
     D:3: 928 daAuts
     D:2: 801 daAuts
     D:4: 17 daAuts
